 Dungeon Crawl Stone Soup version 0.24.0-13-gcf9b319 (webtiles) character file.

Game seed: 4824720676124979206, levelgen mode: deterministic

6883 peteyfrogboy the Thrower (level 11, -7/67 HPs)
             Began as a Kobold Monk on Apr 11, 2020.
             Was a Priest of Trog.
             Mangled by a yak (14 damage)
             ... on level 8 of the Dungeon.
             The game lasted 00:18:22 (6920 turns).

peteyfrogboy the Thrower (Kobold Monk)              Turns: 6920, Time: 00:18:22

Health: -7/67      AC: 13    Str:  9    XL:     11   Next: 26%
Magic:  11/11      EV: 21    Int: 11    God:    Trog [***...]
Gold:   426        SH:  8    Dex: 21    Spells: 10/10 levels left

rFire    + . .     SeeInvis +   a - +2 short sword (elec)
rCold    . . .     Gourm    .   o - +1 buckler {AC+3}
rNeg     . . .     Faith    .   j - +3 leather armour {rF+}
rPois    .         Spirit   .   (no helmet)
rElec    .         Reflect  .   h - +2 cloak
rCorr    .         Harm     .   (no gloves)
MR       +....                  m - +0 pair of boots
Stlth    ++++......             A - amulet of rage
HPRegen  0.21/turn              y - ring of protection from magic
MPRegen  0.12/turn              g - ring of see invisible

@: berserk cooldown, slowed, very slow
A: small, carnivore
a: Berserk, Trog's Hand, Renounce Religion, Evoke Berserk Rage


You were on level 8 of the Dungeon.
You worshipped Trog.
Trog was most pleased with you.
You were very full.

You visited 2 branches of the dungeon, and saw 9 of its levels.

You collected 426 gold pieces.

Inventory:

Hand Weapons
 a - a +2 short sword of electrocution (weapon)
 e - a +1 short sword of draining
 l - a +0 dagger of flaming
Missiles
 f - 21 poisoned darts (quivered)
 u - 7 silver boomerangs
Armour
 h - a +2 cloak (worn)
 j - a +3 leather armour of fire resistance (worn)
 m - a +0 pair of boots (worn)
 o - a +1 buckler of protection (worn)
Jewellery
 g - a ring of see invisible (right hand)
 y - a ring of protection from magic (left hand)
 A - an amulet of rage (around neck)
 B - a cursed ring of attention {unknown}
Wands
 t - a wand of clouds (5)
Scrolls
 d - 5 scrolls of remove curse
 i - a scroll of blinking {unknown}
 k - a scroll of fog
 n - 10 scrolls of identify
 p - 2 scrolls of magic mapping
 q - a scroll of enchant armour
 r - 5 scrolls of vulnerability {unknown}
 w - a scroll of fear
Potions
 b - a potion of brilliance
 s - a potion of heal wounds
 v - 2 potions of curing
 x - a potion of flight
 z - a potion of mutation {unknown}
Comestibles
 c - 14 rations


   Skills:
 + Level 7.2 Fighting
 + Level 8.6 Short Blades
 - Level 11.0 Throwing
 + Level 7.9 Dodging
 + Level 8.6 Stealth
 - Level 5.0 Shields


You had 10 spell levels left.
You didn't know any spells.
Your spell library was empty.

Dungeon Overview and Level Annotations

Branches:
Dungeon (8/15)             Temple (1/1) D:5            Lair (0/6) D:8

Altars:
Ashenzari
Cheibriados
Dithmenos
Elyvilon
Fedhas
Gozag
Hepliaklqana
Kikubaaqudgha
Makhleb
Nemelex Xobeh
Okawaru
Qazlal
Ru
Sif Muna
Trog
Uskayaw
Vehumet
Wu Jian
Xom
Yredelemnul
Zin
The Shining One


Innate Abilities, Weirdness & Mutations

You are small and have problems with some larger weapons.
You are carnivorous and can eat meat at any time.


Message History

The yak barely misses you. You block the yak's attack.
You hit the yak but do no damage. Lightning courses through the yak!
You kill the yak!
Trog accepts your kill. The yak gores you.
* * * LOW HITPOINT WARNING * * *
You feel much better. The porcupine closely misses you. The yak gores you!
The porcupine completely misses you. The yak gores you!
* * * LOW HITPOINT WARNING * * *
You are struck by the porcupine's spines.
* * * LOW HITPOINT WARNING * * *
You hit the porcupine.
The porcupine is almost dead.
The porcupine misses you. The yak misses you.
You hit the porcupine.
Lightning courses through the porcupine!
You kill the porcupine!
Trog accepts your kill. The yak gores you!
You die...

#. ##.......P..P>.
#..Y.♣.P...### #...#
#..#....P### #...#
##.##..### ###...#
#....## .
##.....########††#
.##...........###.##
..#.............rY#
................@##
#(..(.)[.........##
#...).)...........#
#......†..........##
...........(.......#
...................#
....................#
#...................#
#....................#


You could see a yak and a porcupine.

Vanquished Creatures
  Gastronok (D:8)
  Harold (D:7)
  A two-headed ogre (D:7)
  Pikel (D:5)
  Joseph (D:7)
  Grinder (D:4)
  A hornet (D:8)
  2 humans (D:7)
  3 yaks (D:8)
  2 porcupines (D:8)
  A sky beast (D:7)
  An ice beast (D:5)
  An orc warrior (D:8)
  An ogre (D:6)
  A centaur (D:6)
  2 crocodiles (D:8)
  A big kobold (D:8)
  A bullfrog (D:6)
  A water moccasin skeleton (D:4)
  2 scorpions
  6 killer bees (D:8)
  2 howler monkeys (D:4)
  2 crimson imps
  A centaur zombie (D:4)
  A bullfrog zombie (D:5)
  A jelly (D:6)
  4 orc wizards
  A hound (D:6)
  4 worker ants
  An iguana (D:4)
  3 gnolls (D:4)
  7 adders
  3 river rats (D:4)
  2 shadow imps
  2 adder zombies
  6 worms
  2 dart slugs (D:2)
  3 leopard geckos
  14 orcs
  6 giant cockroaches
  5 goblins
  9 hobgoblins
  2 quokkas
  A ball python (D:3)
  A ball python zombie (D:6)
  7 bats
  2 frilled lizards (D:1)
  A goblin zombie (D:7)
  18 kobolds
  2 quokka skeletons
  2 quokka zombies
  10 rats
157 creatures vanquished.

Vanquished Creatures (others)
  An orc wizard (D:4)
  A worker ant zombie (D:5)
  2 orcs
  A fungus (D:8)
  7 plants (D:8)
12 creatures vanquished.

Grand Total: 169 creatures vanquished

Notes
Turn   | Place    | Note
-------+----------+-------------------------------------------
     0 | D:1      | peteyfrogboy the Kobold Monk began the quest for the Orb.
     0 | D:1      | Reached XP level 1. HP: 14/14 MP: 1/1
   130 | D:1      | Reached XP level 2. HP: 9/19 MP: 2/2
   450 | D:1      | Reached XP level 3. HP: 23/23 MP: 3/3
  1104 | D:2      | Reached XP level 4. HP: 26/29 MP: 4/4
  1734 | D:3      | Reached XP level 5. HP: 33/33 MP: 5/5
  1845 | D:3      | Reached skill level 5 in Short Blades
  2198 | D:4      | Noticed a slave
  2198 | D:4      | Noticed a slave
  2199 | D:4      | Noticed a slave
  2199 | D:4      | Noticed a slave
  2200 | D:4      | Noticed Pikel
  2211 | D:4      | Reached skill level 5 in Dodging
  2211 | D:4      | Reached XP level 6. HP: 38/39 MP: 6/6
  2262 | D:5      | Entered Level 5 of the Dungeon
  2388 | D:5      | Killed Pikel
  2388 | D:5      | Reached skill level 5 in Fighting
  2388 | D:5      | Reached XP level 7. HP: 17/44 MP: 7/7
  2641 | D:4      | Reached XP level 8. HP: 41/50 MP: 8/8
  2942 | D:4      | Reached skill level 1 in Shields
  3046 | D:4      | Noticed Grinder
  3069 | D:4      | Killed Grinder
  3978 | D:5      | Found a staircase to the Ecumenical Temple.
  3987 | Temple   | Entered the Ecumenical Temple
  4107 | Temple   | Became a worshipper of Trog the Wrathful
  4107 | Temple   | Reached * piety under Trog
  4107 | Temple   | Reached ** piety under Trog
  4588 | D:6      | Reached skill level 5 in Shields
  4588 | D:6      | Reached XP level 9. HP: 55/55 MP: 9/9
  4623 | D:6      | Reached skill level 1 in Throwing
  4625 | D:6      | Reached skill level 2 in Throwing
  4763 | D:6      | Reached skill level 3 in Throwing
  5087 | D:7      | Reached skill level 4 in Throwing
  5162 | D:7      | Found a sand-covered staircase.
  5328 | D:7      | Noticed Joseph
  5333 | D:7      | Killed Joseph
  5333 | D:7      | Reached skill level 6 in Throwing
  5339 | D:7      | Found an iron altar of Okawaru.
  5359 | D:7      | Reached skill level 7 in Throwing
  5410 | D:7      | Noticed Harold
  5448 | D:7      | Killed Harold
  5448 | D:7      | Reached skill level 9 in Throwing
  5448 | D:7      | Reached XP level 10. HP: 37/60 MP: 10/10
  5596 | D:7      | Found a burning altar of Makhleb.
  6085 | D:8      | Noticed a two-headed ogre
  6101 | D:8      | Reached skill level 10 in Throwing
  6198 | D:7      | Killed a two-headed ogre
  6198 | D:7      | Reached skill level 11 in Throwing
  6530 | D:8      | Noticed Gastronok
  6556 | D:8      | Killed Gastronok
  6556 | D:8      | Reached XP level 11. HP: 7/66 MP: 11/11
  6560 | D:8      | Reached *** piety under Trog
  6851 | D:8      | Found a staircase to the Lair.
  6920 | D:8      | Mangled by a yak

Levels and vault maps discovered:
D:1:      evilmike_arrival_plus, layout_loops_cross, amethyst_killhole,
          serial_bayou_lagoon_a, minmay_cut_off
D:2:      layout_basic, kennysheep_crisscross
D:3:      layout_rooms
D:4:      layout_basic, gup_sewer_entry_bubbles, uniq_pikel, uniq_grinder
D:5:      layout_layer_cave, minmay_temple_entry_poolview, first_ration,
          minmay_misc_feat_nine_boxes, minmay_crossroads
D:6:      layout_rooms
D:7:      layout_basic, lemuel_crystal_altar, serial_glass, glass_columns_c,
          glass_columns_a, enter_ossuary_4, okawaru_humans, uniq_joseph,
          uniq_harold
D:8:      lemuel_ice_statue, layout_cave_pods, minmay_lair_entry_grove,
          uniq_gastronok, uniq_psyche, uniq_grum
Temple:   dpeg_three_leaves_temple

Skill      XL: |  1  2  3  4  5  6  7  8  9 10 11 |
---------------+----------------------------------+-----
Stealth        | 3 4 6 8 |  8.6
Dodging        | 4 5 6 7 |  7.9
Fighting       | 4 5 6 7 |  7.2
Short Blades   | 5 6 8 |  8.6
Shields        | 5 |  5.0
Throwing       | 9 11 | 11.0

Action                   |  1- 3 |  4- 6 |  7- 9 | 10-12 || total
-------------------------+-------+-------+-------+-------++-------
Melee: Short sword       |    79 |    98 |   245 |   131 ||   553
Throw: Dart              |       |       |     3 |     7 ||    10
Invok: Berserk           |       |       |     1 |     2 ||     3
  Use: Scroll            |     7 |     8 |       |       ||    15
       Potion            |     1 |     5 |     2 |     1 ||     9
 Stab: Sleeping          |     6 |     9 |    15 |       ||    30
       Distracted        |       |     3 |       |       ||     3
  Eat: Chunk             |     9 |     4 |    11 |     5 ||    29
Armor: Robe              |     6 |       |       |       ||     6
       Leather armour    |       |    27 |    29 |    20 ||    76
Dodge: Dodged            |    68 |    90 |    91 |    90 ||   339
Block: Buckler           |       |       |    48 |    60 ||   108
